 Dungeon Crawl Stone Soup version 0.28-a0-1616-g050a50673c (webtiles) character file.

Game seed: 2035512223063685111

196 HallandMoats the Skirmisher (level 5, 0/42 HPs)
             Began as a Demonspawn Fighter on Jan 22, 2022.
             Slain by a bullfrog (4 damage)
             ... in a sewer.
             The game lasted 00:04:01 (3280 turns).

HallandMoats the Skirmisher (Demonspawn Fighter)    Turns: 3280, Time: 00:04:02

Health: 0/42       AC:  6    Str: 19    XL:     5   Next: 45%
Magic:  7/7        EV:  9    Int:  9    God:
Gold:   93         SH:  5    Dex: 14    Spells: 4/4 levels left

rFire   . . .      SeeInvis .   a - +0 long sword
rCold   . . .      Faith    .   c - +0 buckler
rNeg    . . .      Spirit   .   b - +0 scale mail
rPois   .          Reflect  .   (helmet restricted)
rElec   .          Harm     .   (no cloak)
rCorr   .          Rampage  .   (no gloves)
Will    .....                   (no boots)
Stlth   +.........              (no amulet)
HPRegen 0.14/turn               (no ring)
MPRegen 0.10/turn               (no ring)

@: no status effects
A: antennae 1, thin skeletal structure 1, powered by death 1
a: no special abilities


You were in a sewer.
You visited 1 branch of the dungeon, and saw 3 of its levels.
You also visited: Sewer.

You collected 93 gold pieces.

Inventory:

Hand Weapons
 a - a +0 long sword (weapon)
Armour
 b - a +0 scale mail (worn)
 c - a +0 buckler (worn)
Jewellery
 k - a ring of positive energy
Scrolls
 e - a scroll of identify
 f - a scroll of fog {unknown}
 g - 2 scrolls of enchant armour {unknown}
 h - a scroll of blinking
 j - a scroll of fear
 l - a scroll of teleportation {unknown}
 m - a scroll of amnesia {unknown}


   Skills:
 * Level 4.0 Fighting
 + Level 2.4 Long Blades
 + Level 3.1 Armour
 + Level 1.3 Dodging
 + Level 3.1 Shields
 * Level 3.5 Invocations


You had 4 spell levels left.
You didn't know any spells.
Your spell library contained the following spells:

 Spells                   Type           Power      Damage    Failure   Level
 Corpse Rot               Necr/Air       0%         N/A       94%         2
 Poisonous Vapours        Pois/Air       0%         N/A       94%         2


Dungeon Overview and Level Annotations

Branches:
Dungeon (3/15)              Sewer (1/1)

Altars:
Nemelex Xobeh
Okawaru
Wu Jian


Innate Abilities, Weirdness & Mutations

You have a pair of small antennae on your head.
You have a somewhat thin skeletal structure. (Dex +2, Stealth+)
You regenerate a little health from kills.


Message History

The bullfrog hits you but does no damage. x2
You barely miss the bullfrog.
The bullfrog is heavily wounded.
The bullfrog hits you. The bullfrog misses you.
You slash the bullfrog!
You kill the bullfrog!
Your Fighting skill increases to level 4!
You enter the shallow water.
Moving in this stuff is going to be slow.
You see here a giant cockroach corpse.
Why would you want to do that? Why would you want to do that?
A bullfrog comes into view.
The bullfrog snags a nearby blue-tailed skink with its tongue.
The bullfrog hits you! The bullfrog hits you.
The bullfrog hits you but does no damage. x3
The bullfrog hits you but does no damage.
The bullfrog hits you.
You closely miss the bullfrog. The bullfrog closely misses you.
The bullfrog hits you.
* * * LOW HITPOINT WARNING * * *
You hit the bullfrog.
The bullfrog is lightly wounded.
The bullfrog barely misses you.
The bullfrog hits you but does no damage.
You hit the bullfrog.
The bullfrog is moderately wounded.
The bullfrog hits you.
* * * LOW HITPOINT WARNING * * *
The bullfrog barely misses you.
You hit the bullfrog.
The bullfrog is severely wounded.
The bullfrog hits you.
* * * LOW HITPOINT WARNING * * *
The bullfrog hits you.
* * * LOW HITPOINT WARNING * * *
You hit the bullfrog.
The bullfrog is almost dead.
The bullfrog hits you.
You die...

≈≈..................÷......##
≈≈≈≈≈≈≈≈≈≈≈≈≈≈≈≈≈≈≈≈≈≈≈≈≈≈..#
≈≈≈≈≈≈≈≈≈≈≈≈≈≈≈≈≈≈≈≈≈≈≈≈≈≈≈.#
≈≈≈≈≈≈≈≈≈≈≈≈≈≈≈≈≈≈≈≈≈≈≈≈≈≈≈.#
≈≈.........†≈≈≈≈≈≈≈≈≈..≈≈≈≈.#
#######≈≈≈≈≈≈≈≈≈≈≈≈≈≈≈≈.≈≈≈.#
# #≈≈≈≈≈≈≈≈≈≈≈≈≈≈≈≈≈≈.≈≈≈≈# #
#≈≈≈≈≈≈≈≈≈.≈.≈≈≈≈≈≈†≈≈≈≈# #
#≈≈≈≈≈≈≈≈≈≈≈≈@F≈≈≈≈≈≈≈≈≈≈# #
#≈≈≈≈≈≈≈.?≈≈≈.≈≈≈≈≈≈≈≈≈≈.# #
#≈≈≈≈≈≈.)$)≈..≈≈≈≈≈≈≈≈≈≈÷# #
#≈≈≈≈≈≈≈.$[≈.≈..≈≈≈≈≈≈≈≈≈# #
#≈≈≈≈≈≈.≈.≈≈...≈≈≈≈≈≈≈≈≈≈# #
##≈≈≈≈≈≈≈≈≈≈≈.∩≈≈≈≈#≈≈≈≈≈# #
##≈≈≈≈≈≈≈≈≈≈≈≈≈≈≈##≈≈≈≈≈# #
≈≈≈≈≈≈≈≈≈≈####≈≈≈≈.# #
≈≈≈≈### #≈≈≈≈.#


You could see a bullfrog.

Vanquished Creatures
  A bullfrog (Sewer)
  Jessica (D:3)
  A gnoll (D:1)
  2 adders (Sewer)
  2 worms (D:3)
  2 dart slugs
  4 bats
  5 endoplasms (D:1)
  12 giant cockroaches
  4 goblins
  7 hobgoblins
  3 kobolds
  8 quokkas
  10 ball pythons
  6 frilled lizards (Sewer)
  3 rats
71 creatures vanquished.

Notes
Turn   | Place    | Note
-------+----------+-------------------------------------------
     0 | D:1      | HallandMoats the Demonspawn Fighter began the quest for the
                  | Orb.
     0 | D:1      | Reached XP level 1. HP: 18/18 MP: 1/1
   161 | D:1      | Reached skill level 1 in Invocations
   164 | D:1      | Gained mutation: You have a somewhat thin skeletal
                  | structure. (Dex +2, Stealth+) [demonic ancestry]
   164 | D:1      | Reached XP level 2. HP: 12/24 MP: 2/2
  1283 | D:1      | Gained mutation: You regenerate a little health from kills.
                  | [demonic ancestry]
  1283 | D:1      | Reached XP level 3. HP: 11/29 MP: 4/4
  2545 | D:3      | Found an iron altar of Okawaru.
  2547 | D:3      | Found an ornate altar of the Wu Jian Council.
  2572 | D:3      | Found a sparkling altar of Nemelex Xobeh.
  2572 | D:3      | Noticed Jessica
  2756 | D:3      | Killed Jessica
  2757 | D:3      | Reached skill level 1 in Dodging
  2757 | D:3      | Reached XP level 4. HP: 35/36 MP: 5/5
  2837 | D:3      | Found a glowing drain.
  2860 | Sewer    | Entered a sewer
  3250 | Sewer    | Gained mutation: You have a pair of small antennae on your
                  | head. [demonic ancestry]
  3250 | Sewer    | Reached XP level 5. HP: 39/42 MP: 7/7
  3266 | Sewer    | Reached skill level 4 in Fighting
  3280 | Sewer    | Slain by a bullfrog

Illustrated notes

Levels and vault maps discovered:
D:1:      dpeg_arrival_tiny_i, layout_basic, minmay_nonomino_d4
D:2:      layout_loops_cross, serial_forest, infiniplex_forest_straight_2,
          infiniplex_forest_lined_3, infiniplex_forest_lined_ring,
          infiniplex_forest_clump_double, infiniplex_forest_zigzag_1,
          infiniplex_forest_lined_2, infiniplex_forest_side_room,
          infiniplex_forest_end_2, minmay_strange_pillars
D:3:      layout_basic, mainiacjoe_overflow_concentric_impassable,
          nicolae_overflow_hidden_temple, cheibrodos_sewer_entry_sluice,
          serial_shops, nicolae_shop_advertising_works
          [nicolae_subvault_shop_adworks], uniq_jessica
Sewer:    sewer_frog_island_01

Skill      XL: |  1  2  3  4  5 |
---------------+----------------+-----
Invocations    | 1 2 3 |  3.5
Long Blades    | 2 |  2.4
Dodging        | 1 |  1.3
Shields        | 3 |  3.1
Armour         | 3 |  3.1
Fighting       | 4 |  4.0

Action                   |  1- 3 |  4- 6 || total
-------------------------+-------+-------++-------
Melee: Long sword        |   121 |    92 ||   213
  Use: Scroll            |     1 |       ||     1
       Potion            |       |     3 ||     3
 Stab: Sleeping          |     1 |     1 ||     2
Armor: Scale mail        |    49 |    75 ||   124
Dodge: Dodged            |    50 |    61 ||   111
Block: Buckler           |    36 |    21 ||    57

Table legend: (Time is in decaauts)
 A = Elapsed time spent in this place.
 B = Non-inter-level travel time spent in this place.
 C = Inter-level travel time spent in this place.
 D = Time resting spent in this place.
 E = Time spent auto-exploring this place.
 F = Levels seen in this place.
 G = Mean time per level.
                   A        B        C        D        E       F      G
               +--------+--------+--------+--------+--------+-----+--------+
         Total |   3412 |   3380 |     32 |    143 |   2427 |   4 |  853.0 |
       Dungeon |   2911 |   2879 |     32 |     94 |   2326 |   3 |  970.3 |
         Sewer |    501 |    501 |      0 |     49 |    101 |   1 |  501.0 |
               +--------+--------+--------+--------+--------+-----+--------+

Top non-repeatable levels by time:
     D:1: 1597 daAuts
     D:2: 972 daAuts
   Sewer: 501 daAuts
     D:3: 341 daAuts
